 Dungeon Crawl Stone Soup version 0.21.1-1-g345015fe64 (webtiles) character file.

537 Brecoman the Destroyer (level 7, -3/50 HPs)
             Began as a Pale Draconian Conjurer on June 16, 2018.
             Was an Initiate of Fedhas.
             Slain by mrsnowman's ghost (12 damage)
             ... on level 4 of the Dungeon.
             The game lasted 00:22:08 (3010 turns).

Brecoman the Destroyer (Pale Draconian Conjurer)    Turns: 3010, Time: 00:22:09

Health: -3/50      AC:  7    Str: 10    XL:     7   Next: 5%
Magic:  4/10       EV: 12    Int: 18    God:    Fedhas [......]
Gold:   109        SH:  0    Dex: 11    Spells: 7/10 levels left

rFire    . . .     SeeInvis .   g - +3 quarterstaff (chaos)
rCold    . . .     Gourm    .   (shield currently unavailable)
rNeg     . . .     Faith    .   (armour unavailable)
rPois    .         Spirit   .   (helmet restricted)
rElec    .         Reflect  .   i - +0 cloak
rCorr    .         Harm     .   (no gloves)
MR       .....                  (no boots)
Stlth    ++........             (no amulet)
HPRegen  0.16/turn              (no ring)
MPRegen  0.12/turn              (no ring)

@: short of breath
A: breathe steam, unfitting armour, cold-blooded, AC +6
a: Breathe Steam, Fungal Bloom, Renounce Religion


You were on level 4 of the Dungeon.
You worshipped Fedhas.
Fedhas was noncommittal.
You were hungry.

You visited 1 branch of the dungeon, and saw 4 of its levels.

You collected 109 gold pieces.

Inventory:

Hand Weapons
 c - a +0 mace
 g - a +3 quarterstaff of chaos (weapon)
Missiles
 d - 55 stones (quivered)
Armour
 i - a +0 cloak (worn)
Scrolls
 h - a scroll of identify
 j - 2 scrolls of blinking {unknown}
 l - a scroll of remove curse
Potions
 e - a potion of flight
 k - 2 potions of haste {unknown}
 m - a potion of heal wounds
Books
 a - a book of Conjurations

   Spells                             Type                      Level
   a - Magic Dart                     Conjuration                  1
   b - Searing Ray                    Conjuration                  2
   c - Dazzling Spray                 Conjuration/Hexes            3
   d - Fulminant Prism                Conjuration/Hexes            4
   e - Force Lance                    Conjuration/Translocation    4
   f - Iskenderun's Mystic Blast      Conjuration                  4
Comestibles
 b - 6 rations


   Skills:
 - Level 1.7 Dodging
 - Level 1.7 Stealth
 - Level 2.0 Spellcasting
 + Level 8.5 Conjurations


You had 7 spell levels left.
You knew the following spells:

 Your Spells              Type           Power        Failure   Level  Hunger
a - Magic Dart            Conj           ####         1%          1    #......
b - Searing Ray           Conj           ####..       1%          2    ###....


Dungeon Overview and Level Annotations

Branches:
Dungeon (4/15)
 Temple: D:4-7

Altars:
Fedhas
Ru

Annotations:
D:4 mrsnowman's ghost, amateur MiFi


Innate Abilities, Weirdness & Mutations

You can breathe blasts of scalding, opaque steam.
Your pale cyan-grey scales are hard. (AC +6)
You cannot fit into any form of body armour.
You are cold-blooded and may be slowed by cold attacks.


Message History

The hound skeleton bites you but does no damage.
Mrsnowman's ghost closely misses you.
The hound skeleton bites you but does no damage.
Casting: Searing Ray
Confirm with . or Enter, or press ? or * to list all spells.
Aiming: Searing Ray
Press: ? - help, Shift-Dir - straight line, f/p - mrsnowman's ghost
Aim: mrsnowman's ghost (severely damaged)
The searing ray hits mrsnowman's ghost.
Mrsnowman's ghost is severely damaged. (Press . to maintain the ray.) Mrsnowman's ghost hits you but does no damage.
The hound skeleton bites you.
* * * LOW HITPOINT WARNING * * *
Casting: Searing Ray
Confirm with . or Enter, or press ? or * to list all spells.
Okay, then.
The hound skeleton closely misses you. Mrsnowman's ghost hits you!
You die...
Fedhas appreciates your contribution to the ecosystem.

#### ..# #.#
#########
#.#######.......#
#.....O..†......#
#..#####........#
#ZW# #........#
#@.# #........#
##.# #........# #.#
#........# #.#
#........#
.##.#####........##
................'.
....####.......##
.#.#######'####
#.).......# #


You could see mrsnowman's ghost and a hound skeleton.

Vanquished Creatures
  The ghost of Kholdaimon the Slinger, an amateur HaHu (D:3)
  An ogre (D:3)
  A howler monkey (D:4)
  An orc priest (D:2)
  A hound (D:4)
  Crazy Yiuf (D:2)
  2 orc wizards
  2 adders (D:2)
  An ooze (D:2)
  3 dart slugs
  2 leopard geckos (D:3)
  4 orcs
  5 bats
  7 giant cockroaches
  8 goblins
  4 hobgoblins
  3 jackals (D:3)
  A quokka (D:2)
  2 frilled lizards
  A jackal skeleton (D:4)
  7 kobolds
  9 rats
67 creatures vanquished.

Vanquished Creatures (others)
  3 toadstools (D:4)
3 creatures vanquished.

Grand Total: 70 creatures vanquished

Notes
Turn   | Place    | Note
-------+----------+-------------------------------------------
     0 | D:1      | Brecoman the Draconian Conjurer began the quest for the Orb.
     0 | D:1      | Reached XP level 1. HP: 14/14 MP: 3/3
   405 | D:1      | Reached XP level 2. HP: 19/20 MP: 0/5
   420 | D:1      | Learned a level 2 spell: Searing Ray
  1045 | D:2      | Reached skill level 5 in Conjurations
  1045 | D:2      | Reached XP level 3. HP: 24/26 MP: 1/6
  1352 | D:2      | Found a sacrificial altar of Ru.
  1442 | D:2      | Reached XP level 4. HP: 33/33 MP: 2/7
  1445 | D:2      | Reached skill level 6 in Conjurations
  1755 | D:2      | Found a runed door.
  1759 | D:2      | Noticed Crazy Yiuf
  1768 | D:2      | Killed Crazy Yiuf
  1768 | D:2      | Reached XP level 5. HP: 4/38 MP: 0/8
  2303 | D:3      | Noticed Kholdaimon's ghost (amateur HaHu)
  2326 | D:3      | Killed Kholdaimon's ghost
  2326 | D:3      | Reached skill level 7 in Conjurations
  2326 | D:3      | Reached XP level 6. HP: 15/45 MP: 0/9
  2704 | D:4      | Reached skill level 8 in Conjurations
  2735 | D:4      | Found a blossoming altar of Fedhas.
  2742 | D:4      | Became a worshipper of Fedhas Madash
  2752 | D:4      | Noticed mrsnowman's ghost (amateur MiFi)
  3002 | D:3      | Your scales start taking on a pale cyan-grey colour.
  3002 | D:3      | Reached XP level 7. HP: 29/50 MP: 10/10
  3010 | D:4      | Slain by mrsnowman's ghost

Skill      XL: |  1  2  3  4  5  6 |
---------------+-------------------+-----
Conjurations   | 5 6 7 8 |  8.5
Dodging        | |  1.7
Stealth        | |  1.7
Spellcasting   | |  2.0

Action                   |  1- 3 |  4- 6 |  7- 9 || total
-------------------------+-------+-------+-------++-------
Melee: Unarmed           |    12 |       |       ||    12
       Mace              |    29 |     5 |       ||    34
       Tailslap          |     4 |     2 |       ||     6
       Quarterstaff      |       |    28 |       ||    28
Throw: Stone             |     2 |       |       ||     2
 Cast: Magic Dart        |    33 |    45 |       ||    78
       Searing Ray       |     7 |     5 |     2 ||    14
Invok: Fungal Bloom      |       |     1 |       ||     1
 Abil: Breathe Steam     |       |       |     1 ||     1
  Use: Scroll            |       |     3 |       ||     3
       Potion            |       |     1 |       ||     1
 Stab: Paralysed         |     1 |       |       ||     1
  Eat: Chunk             |     2 |     6 |       ||     8
Armor: Skin              |    21 |    18 |     5 ||    44
Dodge: Dodged            |    37 |    37 |     6 ||    80
